General information
			
			
        
        - name: BNet
 
        - type: Ladder team game (AT/RT)
 
        - host: Battle.net
 
        - saver: Gobiner
 
        
map: LostTemple 
        - players: 4
 
        - length: 57:58
 
        - speed: Fast
 - version: 1.22 W3XP
 - replay type:  Public
 
» download(247 KB)
Players
        team 1 (loser) 
              
              
Jufes (
green | 51 APM | 2951 actions | 57:52)
              
 5 Blademaster 
 2 Wind Walk
 3 Critical Strike
 
                » actions 
                
                | Assign group hotkey | 26 |  | 
| Basic commands | 126 |  | 
| Build / train | 171 |  | 
| Enter build submenu | 40 |  | 
| Enter hero's abilities submenu | 5 |  | 
| Give item / drop item | 1 |  | 
| Remove unit from queue | 18 |  | 
| Right click | 1313 |  | 
| Select / deselect | 754 |  | 
| Select group hotkey | 317 |  | 
| Use ability | 180 |  | 
                2951 total
 » units 
                
                | Peon | 47 |  | 
| Demolisher | 17 |  | 
| Troll Headhunter/Berserker | 47 |  | 
| Troll Batrider | 2 |  | 
| Raider | -1 |  | 
| Goblin Zeppelin | 2 |  | 
                114 total
 » upgrades
                
                | Ranged Weapons | 3 |  | 
| Armor | 2 |  | 
| Burning Oil | 1 |  | 
| Spiked Barricades | 3 |  | 
| Reinforced Defenses | 1 |  | 
| Berserker Upgrade | 1 |  | 
| Troll Regeneration | 1 |  | 
| Liquid Fire | 1 |  | 
| Ensnare | 1 |  | 
                14 total
 » buildings
                
                | Altar of Storms | 1 |  | 
| Orc Burrow | 8 |  | 
| War Mill | 1 |  | 
| Stronghold | 1 |  | 
| Barracks | 2 |  | 
| Voodoo Lounge | 1 |  | 
| Watch Tower | 19 |  | 
| Fortress | 1 |  | 
| Great Hall | 2 |  | 
| Beastiary | 2 |  | 
                38 total
 » build order
                00:03 Altar of Storms
00:20 Orc Burrow
01:15 Orc Burrow
02:10 War Mill
03:26 Stronghold
03:48 Barracks
03:50 Barracks
03:58 Voodoo Lounge
04:04 Watch Tower
04:08 Watch Tower
04:11 Orc Burrow
04:26 Watch Tower
05:22 Orc Burrow
06:03 Fortress
13:05 Orc Burrow
13:06 Orc Burrow
22:51 Orc Burrow
22:52 Orc Burrow
24:36 Watch Tower
24:36 Watch Tower
24:37 Watch Tower
24:37 Watch Tower
25:34 Watch Tower
25:36 Watch Tower
28:59 Watch Tower
36:45 Great Hall
40:57 Watch Tower
40:59 Watch Tower
41:00 Watch Tower
41:01 Watch Tower
46:48 Beastiary
48:05 Beastiary
52:22 Great Hall
52:26 Watch Tower
52:28 Watch Tower
52:44 Watch Tower
52:52 Watch Tower
54:02 Watch Tower
» items
                
                | Healing Salve | 4 |  | 
| Lesser Clarity Potion | 2 |  | 
| Scroll of Speed | 1 |  | 
| Tiny Great Hall | 1 |  | 
| Orb of Lightning | 1 |  | 
| Potion of Healing | 3 |  | 
| Potion of Mana | 3 |  | 
                15 total
  
               
              
              
Prometheas (
purple | 35 APM | 2046 actions | 57:56)
              
 8 Blademaster 
 2 Wind Walk
 3 Critical Strike
 2 Mirror Image
 1 Bladestorm
 
                » actions 
                
                | Assign group hotkey | 18 |  | 
| Basic commands | 12 |  | 
| Build / train | 131 |  | 
| ESC pressed | 3 |  | 
| Enter build submenu | 56 |  | 
| Enter hero's abilities submenu | 7 |  | 
| Remove unit from queue | 2 |  | 
| Right click | 907 |  | 
| Select / deselect | 597 |  | 
| Select group hotkey | 156 |  | 
| Use ability | 156 |  | 
                2046 total
 » units 
                
                | Peon | 47 |  | 
| Raider | 15 |  | 
| Troll Headhunter/Berserker | 4 |  | 
| Troll Batrider | 7 |  | 
| Demolisher | 9 |  | 
| Tauren | 7 |  | 
| Goblin Zeppelin | 2 |  | 
                91 total
 » upgrades
                
                | Spiked Barricades | 2 |  | 
| Ensnare | 1 |  | 
| Pillage | 1 |  | 
| Reinforced Defenses | 1 |  | 
| Burning Oil | 1 |  | 
| Armor | 3 |  | 
| Pulverize | 1 |  | 
| Liquid Fire | 1 |  | 
                11 total
 » buildings
                
                | Altar of Storms | 1 |  | 
| Orc Burrow | 5 |  | 
| War Mill | 1 |  | 
| Watch Tower | 25 |  | 
| Voodoo Lounge | 2 |  | 
| Stronghold | 1 |  | 
| Beastiary | 2 |  | 
| Barracks | 3 |  | 
| Fortress | 1 |  | 
| Great Hall | 2 |  | 
| Tauren Totem | 3 |  | 
                46 total
 » build order
                00:08 Altar of Storms
00:13 Orc Burrow
00:52 War Mill
02:07 Orc Burrow
02:33 Watch Tower
02:41 Watch Tower
02:42 Watch Tower
03:08 Watch Tower
04:03 Watch Tower
04:05 Watch Tower
04:13 Orc Burrow
04:20 Watch Tower
04:36 Voodoo Lounge
04:53 Voodoo Lounge
06:07 Stronghold
06:15 Watch Tower
06:18 Watch Tower
06:22 Watch Tower
06:25 Watch Tower
07:03 Orc Burrow
07:11 Orc Burrow
08:46 Beastiary
08:48 Beastiary
09:44 Watch Tower
10:11 Barracks
10:43 Watch Tower
12:57 Watch Tower
14:29 Watch Tower
14:31 Watch Tower
19:15 Watch Tower
20:39 Fortress
24:08 Great Hall
24:13 Watch Tower
24:48 Watch Tower
24:49 Watch Tower
25:43 Watch Tower
25:53 Watch Tower
27:18 Watch Tower
27:21 Watch Tower
27:24 Watch Tower
28:00 Tauren Totem
28:01 Tauren Totem
28:26 Barracks
28:32 Barracks
35:35 Tauren Totem
38:57 Great Hall
» items
                
                | Healing Salve | 3 |  | 
| Lesser Clarity Potion | 2 |  | 
| Potion of Mana | 2 |  | 
| Potion of Healing | 3 |  | 
| Tiny Great Hall | 2 |  | 
| Orb of Lightning | 1 |  | 
| Potion of Lesser Invulnerability | 2 |  | 
| Staff of Teleportation | 1 |  | 
                16 total
  
               team 2 (winner) 
              
              
Blame_Icefrog (
red | 110 APM | 6379 actions | 57:57)
              
 5 Archmage 
 3 Blizzard
 2 Brilliance Aura
 6 Mountain King 
 3 Storm Bolt
 2 Bash
 1 Avatar
 5 Paladin 
 3 Holy Light
 2 Divine Shield
 
                » actions 
                
                | Assign group hotkey | 42 |  | 
| Basic commands | 118 |  | 
| Build / train | 190 |  | 
| ESC pressed | 13 |  | 
| Enter build submenu | 112 |  | 
| Enter hero's abilities submenu | 16 |  | 
| Give item / drop item | 7 |  | 
| Remove unit from queue | 5 |  | 
| Right click | 2438 |  | 
| Select / deselect | 616 |  | 
| Select group hotkey | 2249 |  | 
| Use ability | 568 |  | 
                6379 total
 » units 
                
                | Peasant | 28 |  | 
| Priest | 7 |  | 
| Goblin Zeppelin | 5 |  | 
| Sorceress | 5 |  | 
| Goblin Shredder | 1 |  | 
| Goblin Sapper | 2 |  | 
                48 total
 » upgrades
                
                | Masonry | 3 |  | 
| Magic Sentry | 1 |  | 
| Sorceress Training | 1 |  | 
| Priest Training | 2 |  | 
                7 total
 » buildings
                
                | Altar of Kings | 1 |  | 
| Farm | 5 |  | 
| Lumber Mill | 1 |  | 
| Scout Tower | 115 |  | 
| Arcane Tower | 13 |  | 
| Guard Tower | 64 |  | 
| Keep | 2 |  | 
| Castle | 2 |  | 
| Arcane Sanctum | 1 |  | 
| Arcane Vault | 2 |  | 
| Town Hall | 2 |  | 
                208 total
 » build order
                00:06 Altar of Kings
00:16 Farm
00:38 Lumber Mill
01:03 Scout Tower
01:26 Scout Tower
01:28 Farm
01:36 Arcane Tower
01:36 Arcane Tower
01:53 Scout Tower
02:03 Guard Tower
02:04 Guard Tower
02:15 Scout Tower
02:49 Guard Tower
02:50 Scout Tower
02:59 Scout Tower
03:00 Arcane Tower
03:22 Scout Tower
03:26 Scout Tower
03:28 Guard Tower
03:29 Scout Tower
03:38 Scout Tower
03:39 Scout Tower
04:00 Guard Tower
04:02 Scout Tower
04:03 Scout Tower
04:06 Scout Tower
04:20 Guard Tower
04:20 Guard Tower
04:51 Keep
05:16 Scout Tower
05:17 Scout Tower
05:18 Scout Tower
05:20 Scout Tower
05:25 Guard Tower
05:28 Arcane Tower
05:28 Arcane Tower
05:57 Guard Tower
05:57 Guard Tower
05:58 Guard Tower
06:18 Scout Tower
06:51 Farm
06:53 Farm
07:29 Castle
08:27 Arcane Sanctum
08:38 Farm
10:27 Arcane Tower
12:02 Scout Tower
12:03 Scout Tower
12:03 Scout Tower
12:04 Scout Tower
12:04 Scout Tower
12:05 Scout Tower
12:05 Scout Tower
12:29 Scout Tower
12:30 Scout Tower
12:33 Guard Tower
12:33 Guard Tower
12:51 Scout Tower
12:52 Scout Tower
12:56 Scout Tower
12:56 Scout Tower
12:58 Scout Tower
12:59 Scout Tower
13:00 Scout Tower
13:09 Guard Tower
13:09 Guard Tower
13:59 Arcane Tower
14:14 Scout Tower
14:14 Scout Tower
14:15 Scout Tower
15:10 Arcane Vault
15:13 Arcane Vault
16:41 Guard Tower
16:42 Guard Tower
16:43 Scout Tower
16:44 Scout Tower
16:44 Scout Tower
16:45 Scout Tower
17:37 Guard Tower
17:39 Scout Tower
17:39 Scout Tower
17:40 Scout Tower
19:54 Arcane Tower
20:19 Scout Tower
20:20 Scout Tower
21:24 Guard Tower
22:50 Town Hall
22:51 Scout Tower
22:52 Scout Tower
23:17 Scout Tower
23:17 Scout Tower
23:18 Scout Tower
24:26 Guard Tower
24:29 Scout Tower
24:41 Scout Tower
24:41 Scout Tower
24:42 Scout Tower
24:42 Scout Tower
24:46 Scout Tower
24:47 Scout Tower
24:49 Scout Tower
24:51 Scout Tower
24:52 Scout Tower
25:07 Scout Tower
25:08 Scout Tower
25:09 Guard Tower
26:16 Guard Tower
26:16 Guard Tower
27:53 Guard Tower
27:53 Guard Tower
28:45 Scout Tower
28:46 Scout Tower
28:51 Guard Tower
28:51 Guard Tower
32:24 Scout Tower
32:24 Scout Tower
32:25 Scout Tower
32:26 Scout Tower
33:07 Scout Tower
33:07 Scout Tower
33:09 Guard Tower
35:39 Guard Tower
35:39 Guard Tower
42:59 Guard Tower
42:59 Guard Tower
44:13 Scout Tower
44:14 Scout Tower
44:14 Scout Tower
44:42 Guard Tower
44:43 Guard Tower
45:30 Scout Tower
45:33 Guard Tower
45:33 Guard Tower
48:55 Scout Tower
48:56 Scout Tower
48:58 Scout Tower
48:58 Scout Tower
49:01 Scout Tower
49:02 Scout Tower
49:03 Scout Tower
49:03 Scout Tower
49:07 Scout Tower
49:09 Scout Tower
49:44 Guard Tower
49:44 Guard Tower
49:52 Scout Tower
49:52 Scout Tower
49:54 Scout Tower
49:55 Scout Tower
49:56 Scout Tower
49:57 Scout Tower
49:58 Scout Tower
49:58 Scout Tower
50:16 Scout Tower
50:16 Scout Tower
50:17 Scout Tower
50:18 Scout Tower
50:18 Scout Tower
50:20 Guard Tower
50:21 Guard Tower
50:25 Scout Tower
50:28 Scout Tower
50:29 Scout Tower
50:31 Guard Tower
50:32 Guard Tower
50:43 Guard Tower
50:43 Guard Tower
51:12 Guard Tower
51:12 Guard Tower
51:14 Guard Tower
51:14 Guard Tower
51:18 Town Hall
51:32 Scout Tower
51:32 Scout Tower
51:33 Scout Tower
51:37 Scout Tower
51:38 Scout Tower
52:13 Scout Tower
52:15 Scout Tower
52:16 Scout Tower
52:17 Scout Tower
52:19 Scout Tower
52:21 Scout Tower
52:23 Scout Tower
52:25 Scout Tower
52:49 Guard Tower
52:50 Guard Tower
53:16 Guard Tower
53:21 Guard Tower
53:40 Arcane Tower
55:52 Guard Tower
55:53 Arcane Tower
55:53 Arcane Tower
56:01 Guard Tower
56:02 Arcane Tower
» items
                
                | Healing Salve | 1 |  | 
| Lesser Clarity Potion | 2 |  | 
| Scroll of Speed | 2 |  | 
| Circlet of Nobility | 2 |  | 
| Boots of Speed | 4 |  | 
| Staff of Teleportation | 3 |  | 
| Potion of Lesser Invulnerability | 1 |  | 
| Staff of Sanctuary | 3 |  | 
| Scroll of Town Portal | 2 |  | 
| Orb of Lightning | 4 |  | 
| Tiny Great Hall | 2 |  | 
                26 total
  
               
              
              
Gobiner (
yellow | 46 APM | 2688 actions | 57:58)
              
 9 Blademaster 
 3 Wind Walk
 3 Critical Strike
 1 Bladestorm
 2 Mirror Image
 
                » actions 
                
                | Assign group hotkey | 13 |  | 
| Basic commands | 24 |  | 
| Build / train | 90 |  | 
| ESC pressed | 7 |  | 
| Enter build submenu | 81 |  | 
| Enter hero's abilities submenu | 9 |  | 
| Give item / drop item | 14 |  | 
| Right click | 1208 |  | 
| Select / deselect | 353 |  | 
| Select group hotkey | 637 |  | 
| Use ability | 251 |  | 
                2688 total
 » units 
                » upgrades
                
                | Ranged Weapons | 3 |  | 
| Liquid Fire | 1 |  | 
| Armor | 3 |  | 
| Pillage | 1 |  | 
| Backpack | 1 |  | 
| Spiked Barricades | 1 |  | 
| Troll Regeneration | 1 |  | 
                11 total
 » buildings
                
                | Altar of Storms | 2 |  | 
| Orc Burrow | 9 |  | 
| War Mill | 2 |  | 
| Watch Tower | 51 |  | 
| Voodoo Lounge | 3 |  | 
| Stronghold | 3 |  | 
| Fortress | 1 |  | 
| Beastiary | 5 |  | 
| Great Hall | 2 |  | 
| Barracks | 2 |  | 
                80 total
 » build order
                00:08 Altar of Storms
00:18 Orc Burrow
00:28 War Mill
01:40 Watch Tower
01:48 Orc Burrow
02:06 Watch Tower
02:30 Watch Tower
02:53 Voodoo Lounge
03:15 Watch Tower
03:48 Watch Tower
04:20 Watch Tower
04:33 Watch Tower
05:00 Watch Tower
05:08 Stronghold
05:09 Stronghold
05:09 Stronghold
05:25 Watch Tower
05:34 Watch Tower
06:19 Watch Tower
06:21 Watch Tower
06:38 Watch Tower
07:30 Fortress
07:44 Beastiary
07:46 Beastiary
08:53 Watch Tower
08:54 Watch Tower
09:00 Beastiary
09:09 Orc Burrow
09:10 Orc Burrow
10:03 Watch Tower
10:04 Watch Tower
11:20 Watch Tower
11:22 Watch Tower
13:00 Watch Tower
13:08 Watch Tower
13:58 Watch Tower
15:55 Watch Tower
15:56 Watch Tower
15:57 Watch Tower
17:04 Great Hall
17:44 Watch Tower
18:25 Voodoo Lounge
18:36 Watch Tower
18:38 Watch Tower
19:35 Voodoo Lounge
19:45 Watch Tower
19:48 Watch Tower
20:56 Watch Tower
20:58 Watch Tower
21:03 Watch Tower
21:39 Watch Tower
21:39 Watch Tower
21:40 Watch Tower
21:41 Watch Tower
21:43 Watch Tower
23:13 Watch Tower
27:50 Watch Tower
27:51 Watch Tower
27:51 Watch Tower
28:05 Barracks
31:09 Barracks
31:12 Beastiary
31:13 Beastiary
32:13 Altar of Storms
32:19 Orc Burrow
32:48 Orc Burrow
32:52 War Mill
34:51 Orc Burrow
36:48 Orc Burrow
36:50 Orc Burrow
52:07 Watch Tower
52:11 Watch Tower
52:15 Watch Tower
52:17 Watch Tower
52:20 Watch Tower
55:24 Watch Tower
55:55 Watch Tower
56:36 Watch Tower
56:55 Great Hall
57:28 Watch Tower
» items
                
                | Lesser Clarity Potion | 7 |  | 
| Healing Salve | 3 |  | 
| Orb of Lightning | 1 |  | 
| Boots of Speed | 1 |  | 
| Staff of Teleportation | 1 |  | 
                13 total
  
                Chat log
          
(01:02 / Allies) Gobiner: are you listening to vent
(01:05 / Allies) Blame_Icefrog: no
(01:10 / Allies) Blame_Icefrog: my friend is talking to me and his bro
(05:47 / Allies) Blame_Icefrog: gay
(11:45 / Allies) Blame_Icefrog: this is pretty bad tbqh
(11:49 / Allies) Blame_Icefrog: ahah
(31:13 / All) Blame_Icefrog: LOL
(31:34 / All) Blame_Icefrog: purple ur the worst hacker ive ever seen
(31:44 / All) Gobiner: seriosuly
(34:25 / All) Gobiner: jesus you're terrible
(36:03 / Allies) Blame_Icefrog: LOL
(37:17 / All) Gobiner: great work
(39:47 / Allies) Blame_Icefrog: get some bats oer there to cancel it imo
(41:20 / All) Gobiner: great work
(43:11 / All) Blame_Icefrog: hi
(45:26 / All) Gobiner: jesus
(45:30 / All) Gobiner: get a skillhack or something
(45:37 / All) Gobiner: send shadowfrench an email
(45:47 / All) Gobiner: perhaps he'll make you a winhack
(49:03 / All) Gobiner: you guys must be angry
(49:08 / All) Gobiner: all those hacks and you still can't get a win
(51:09 / All) Blame_Icefrog: is that all the gold u get now green?
(54:43 / All) Gobiner: 2ez
(54:45 / All) Blame_Icefrog: its a good hack green
(55:43 / Allies) Blame_Icefrog: i got it
(56:30 / Allies) Blame_Icefrog: k
(57:16 / All) Gobiner: turns out it's real dumb to mine in upkeep
(57:56 / All) Gobiner: bye noobs